Workbook
Name _ftn1: 'Anexo1-Detalle Estimación Bolsa'!#REF!
Name _ftnref1: 'Anexo1-Detalle Estimación Bolsa'!#REF!

Sheet PROPUESTA DETALLADO
B2: Concepto | C2: Descripción | D2: Valor (Antes de IVA) | E2: IVA | F2: Valor Total IVA incluido
B3: Renovación año 2026 de uso y soporte a la licencia del CMS Newtenberg Engine | C3: Activación de la licencia soportada CMS Newtenberg Engine 2026 (Desde el acta de inicio hasta el 31 de diciembre de 2026) | D3: 91656000 | E3: =D3*19% -> 17414640 | F3: =D3+E3 -> 109070640
C4: Servicio de soporte y asistencia básica a usuario, 20 horas al mes no acumulables, por 12 meses, contados a partir del 26 de junio de 2026 hasta el 25 de junio de 2027 | D4: 18233000 | E4: =D4*19% -> 3464270 | F4: =D4+E4 -> 21697270
B5: Bolsa de recursos | C5: Bolsa de recursos para la implementación de funcionalidades en los sitios web del Ministerio de Educación | D5: 29405000 | E5: =D5*19% -> 5586950 | F5: =D5+E5 -> 34991950
F6: =SUM(F3:F5) -> 165759860

Sheet PRESUPUESTO
A1: HISTÓRICOS DE VALORES CONTRATADOS | AW1: OFERTA ECONÓMICA | BC1: OFERTA ECONÓMICA | BI1: OFERTA ECONÓMICA | BR1: OFERTA ECONÓMICA
A3: CMS NEWTENBERG ENGINE - Vigencia 2015 | G3: CMS NEWTENBERG ENGINE - Vigencia 2016 | M3: CMS NEWTENBERG ENGINE - Vigencia 2017 | S3: CMS NEWTENBERG ENGINE - Vigencia 2018 | Y3: CMS NEWTENBERG ENGINE - Vigencia 2019 | AE3: CMS NEWTENBERG ENGINE - Vigencia 2020 | AK3: CMS NEWTENBERG ENGINE - Vigencia 2021 | AQ3: CMS NEWTENBERG ENGINE - Vigencia 2022 | AW3: CMS NEWTENBERG ENGINE - Vigencia 2023 | BC3: CMS NEWTENBERG ENGINE - Vigencia 2024 | BI3: CMS NEWTENBERG ENGINE - Vigencia 2025 | BR3: CMS NEWTENBERG ENGINE - Vigencia 2026
A4: Descripción | C4: Valor Antes de IVA | D4: IVA | E4: Valor Total | G4: Descripción | I4: Valor Antes de IVA | J4: IVA | K4: Valor Total | M4: Descripción | O4: Valor Antes de IVA | P4: IVA | Q4: Valor Total | S4: Descripción | U4: Valor Antes de IVA | V4: IVA | W4: Valor Total | Y4: Descripción | AA4: Valor Antes de IVA | AB4: IVA | AC4: Valor Total | AE4: Descripción | AG4: Valor Antes de IVA | AH4: IVA | AI4: Valor Total | AK4: Descripción | AM4: Valor Antes de IVA | AN4: IVA | AO4: Valor Total | AQ4: Descripción | AS4: Valor Antes de IVA | AT4: IVA | AU4: Valor Total | AW4: Descripción | AY4: Valor Antes de IVA | AZ4: IVA | BA4: Valor Total | BC4: Descripción | BE4: Valor Antes de IVA | BF4: IVA | BG4: Valor Total | BI4: Descripción | BK4: Valor Antes de IVA | BL4: IVA | BM4: Valor Total | BO4: Variación de la Oferta respecto de vigencias anteriores | BR4: Descripción | BT4: Valor Antes de IVA | BU4: IVA | BV4: Valor Total | BX4: Variación de la Oferta respecto de vigencias anteriores
A5: REDISEÑO DE LA PÁGINA WEB INSTITUCIONAL Y EL CENTRO VIRTUAL DE NOTICIAS DEL MINISTERIO DE EDUCACIÓN NACIONAL EN LA PLATAFORMA NEWTEMBERGW3. | C5: 181767155 | D5: 29082745 | E5: 210849900 | G5: Servicio de soporte y mantenimiento de la licencia de plataforma CMS NEWTENBERG ENGINE - Vigencia 2016 | I5: 87300000 | J5: =I5*16% -> 13968000 | K5: =I5+J5 -> 101268000 | M5: Renovación anual de uso y soporte a la licencia del CMS Newtenberg Engine. -Servicio de soporte y asistencia básica a usuario. -Soporte técnico y del licenciamiento de la herramienta. | O5: 67458000 | P5: =+O5*19% -> 12817020 | Q5: =+O5+P5 -> 80275020 | S5: Renovación anual de uso y soporte a la licencia del CMS Newtenberg Engine. -Servicio de soporte y asistencia básica a usuario. -Soporte técnico y del licenciamiento de la herramienta. | U5: 70217032 | V5: 0 | W5: =+U5+V5 -> 70217032 | Y5: Renovación anual de uso y soporte a la licencia del CMS Newtenberg Engine. -Servicio de soporte y asistencia básica a usuario. -Soporte técnico y del licenciamiento de la herramienta. | AA5: 72324500 | AB5: 0 | AC5: =+AA5+AB5 -> 72324500 | AE5: Renovación año 2020 de uso y soporte a la licencia del CMS Newtenberg Engine - Soporte técnico y del licenciamiento de la herramienta Servicio -2020. - Servicio de soporte y asistencia básica a usuario, 20 horas al mes no acumulables, por 12 meses.. | AG5: 75072831 | AH5: =+AG5*19% -> 14263838 | AI5: =+AG5+AH5 -> 89336669 | AK5: Soporte técnico y del licenciamiento de la herramienta Servicio -2021 Servicio de soporte y asistencia básica a usuario, 20 horas al mes no acumulables, por 12 meses, contados a partir del 26 de junio de 2021 hasta el 25 de junio de 2022 | AM5: 76282000 | AN5: =+AM5*19% -> 14493580 | AO5: =ROUND((AM5+AN5),0) -> 90775580 | AQ5: Soporte técnico y del licenciamiento de la herramienta Servicio -2021 Servicio de soporte y asistencia básica a usuario, 20 horas al mes no acumulables, por 12 meses, contados a partir del 26 de junio de 2022 hasta el 25 de junio de 2023 | AS5: 80096100 | AT5: =+AS5*19% -> 15218259 | AU5: =ROUND((AS5+AT5),0) -> 95314359 | AW5: Activación de la licencia soportada CMS Newtenberg Engine 2023 (Desde el acta de inicio hasta el 31 de diciembre de 2023) Servicio de soporte y asistencia básica a usuario, 20 horas al mes no acumulables, por 12 meses, contados a partir del 26 de junio de 2023 hasta el 25 de junio de 2024 | AY5: =75571000+15033000 -> 90604000 | AZ5: =+AY5*19% -> 17214760 | BA5: =ROUND((AY5+AZ5),0) -> 107818760 | BC5: Activación de la licencia soportada CMS Newtenberg Engine 2025 (Desde el acta de inicio hasta el 31 de diciembre de 2024) Servicio de soporte y asistencia básica a usuario, 20 horas al mes no acumulables, por 12 meses, contados a partir del 26 de junio de 2024 hasta el 25 de junio de 2025 | BE5: 99012000 | BF5: =+BE5*19% -> 18812280 | BG5: =ROUND((BE5+BF5),0) -> 117824280 | BI5: Activación de la licencia soportada CMS Newtenberg Engine 2025 (Desde el acta de inicio hasta el 31 de diciembre de 2025) Servicio de soporte y asistencia básica a usuario, 20 horas al mes no acumulables, por 12 meses, contados a partir del 26 de junio de 2025 hasta el 25 de junio de 2026 | BK5: =86878000+17282000 -> 104160000 | BL5: =+BK5*19% -> 19790400 | BM5: =ROUND((BK5+BL5),0) -> 123950400 | BO5: =(BK5-BE5)/BE5 -> 0.051993698 | BP5: Respecto de la oferta contratada en 2024, se tiene para esta vigencia un incremento del valor antes de IVA correspondiente al 5,2% el cual corresponde a IPC | BR5: Activación de la licencia soportada CMS Newtenberg Engine 2026 (Desde el acta de inicio hasta el 31 de diciembre de 2026). Servicio de soporte y asistencia básica a usuario, 20 horas al mes no acumulables, por 12 meses, contados a partir del 26 de junio de 2026 hasta el 25 de junio de 2027. | BT5: =91656000+18233000 -> 109889000 | BU5: =BT5*19% -> 20878910 | BV5: =ROUND((BT5+BU5),0) -> 130767910 | BX5: =(BT5-BK5)/BK5 -> 0.05500192 | BY5: Respecto de la oferta contratada en 2025, se tiene para esta vigencia un incremento del valor antes de IVA correspondiente al 5,5% el cual no supera el máximo de lo proyectado por la encuesta de expectativas económicas en relación con la inflación total a diciembre de 2025.
M6: Servicios profesionales especializados para la implementación de funcionalidades en los sitios web del Ministerio de Educación. (*) | O6: 25000000 | P6: =+O6*19% -> 4750000 | Q6: =+O6+P6 -> 29750000 | S6: Servicios profesionales especializados para la implementación de funcionalidades en los sitios web del Ministerio de Educación. (*) (será una bolsa global para servicios profesionales y se descontará en la medida que se apruebe por el Ministerio la participación de los roles definidos en la tabla de tarifas por perfil establecidos en la oferta) | U6: 30000000 | V6: 0 | W6: =+U6+V6 -> 30000000 | Y6: Servicios profesionales especializados para la implementación de funcionalidades en los sitios web del Ministerio de Educación. (*) (será una bolsa global para servicios profesionales y se descontará en la medida que se apruebe por el Ministerio la participación de los roles definidos en la tabla de tarifas por perfil establecidos en la oferta) | AA6: 30900000 | AB6: 0 | AC6: =+AA6+AB6 -> 30900000 | AE6: Servicios profesionales especializados para la implementación de funcionalidades en los sitios web del Ministerio de Educación. (*) (será una bolsa global para servicios profesionales y se descontará en la medida que se apruebe por el Ministerio la participación de los roles definidos en la tabla de tarifas por perfil establecidos en la oferta) | AG6: 20000000 | AH6: =+AG6*19% -> 3800000 | AI6: =+AG6+AH6 -> 23800000 | AK6: Servicios profesionales especializados para la implementación de funcionalidades en los sitios web del Ministerio de Educación: - Apoyo especializado en la actualización del sitio web institucional con la aplicación de los lineamientos de la política de Gobierno Digital para entidades públicas - Apoyo especializado en la actualización del micrositio del Sistema SACES | AM6: 20322000 | AN6: =+AM6*19% -> 3861180 | AO6: =ROUND((AM6+AN6),0) -> 24183180 | AQ6: Servicios profesionales especializados para la implementación de funcionalidades en los sitios web del Ministerio de Educación. | AS6: =58181000-(32289293.55/1.19) -> 31047140 | AT6: =+AS6*19% -> 5898956.6 | AU6: =ROUND((AS6+AT6),0) -> 36946096 | AW6: Bolsa de recursos para la implementación y actualización de funcionalidades sobre los sitios web del Ministerio de Educación soportados. | AY6: 26508800 | AZ6: =+AY6*19% -> 5036672 | BA6: =ROUND((AY6+AZ6),0) -> 31545472 | BC6: Bolsa de recursos para la implementación y actualización de funcionalidades sobre los sitios web del Ministerio de Educación soportados. | BE6: 45666000 | BF6: =+BE6*19% -> 8676540 | BG6: =ROUND((BE6+BF6),0) -> 54342540 | BI6: Bolsa de recursos para la implementación y actualización de funcionalidades sobre los sitios web del Ministerio de Educación soportados. | BK6: 36828000 | BL6: =+BK6*19% -> 6997320 | BM6: =ROUND((BK6+BL6),0) -> 43825320 | BO6: =AVERAGE('Anexo1-Detalle Estimación Bolsa'!V3:V14) -> 0.050964505 | BP6: Estimación por juicio de experto para apoyo especializado. Se analiza el precio promedio de variación respecto al año anterior correspondiente a 5,1% | BR6: Bolsa de recursos para la implementación de funcionalidades en los sitios web del Ministerio de Educación. | BT6: 29405000 | BU6: =BT6*19% -> 5586950 | BV6: =ROUND((BT6+BU6),0) -> 34991950 | BX6: =AVERAGE('Anexo1-Detalle Estimación Bolsa'!O3:O14) -> 0.055 | BY6: Estimación por juicio de experto para apoyo especializado. Se analiza el precio promedio variación respecto al año anterior correspondiente a 5,5%.
M7: Capacitación en el uso de la herramienta a usuarios del CMS en el Ministerio.(16 horas) | O7: 3000000 | P7: =+O7*19% -> 570000 | Q7: =+O7+P7 -> 3570000 | Y7: capacitación presencial con profesionales expertos en la herramienta, en 2 sesiones de 4 horas cada una, para un total de 8 horas | AA7: 1914000 | AB7: 0 | AC7: =+AA7+AB7 -> 1914000 | AE7: Capacitación presencial con profesionales expertos en la herramienta, en 1 sesión de 4 horas | AG7: 993366 | AH7: =AG7*19% -> 188739.54 | AI7: =+AG7+AH7 -> 1182105.5 | AK7: Capacitación presencial con profesionales expertos en la herramienta, en 1 sesión de 2 horas | AM7: 512690 | AN7: =AM7*19% -> 97411.1 | AO7: =ROUND((AM7+AN7),0) -> 610101 | AQ7: Capacitación presencial con profesionales expertos en la herramienta, en 2 sesiones de 2 horas | AS7: 1077115 | AT7: =AS7*19% -> 204651.85 | AU7: =ROUND((AS7+AT7),0) -> 1281767 | AW7: Capacitación con expertos en la herramienta, en 2 sesiones de 2 horas | AY7: 1218000 | AZ7: =AY7*19% -> 231420 | BA7: =ROUND((AY7+AZ7),0) -> 1449420 | BC7: Capacitación con expertos en la herramienta, en 2 sesiones de 2 horas | BE7: 1331000 | BF7: =BE7*19% -> 252890 | BG7: =ROUND((BE7+BF7),0) -> 1583890 | BI7: Capacitación con expertos en la herramienta, en 2 sesiones de 2 horas | BK7: 1331000 | BL7: =BK7*19% -> 252890 | BM7: =ROUND((BK7+BL7),0) -> 1583890 | BO7: =(BE7-AY7)/AY7 -> 0.092775041 | BP7: Respecto del valor unitario de la hora de capacitación, esta tuvo un incremento de 9,28% correspondiente a IPC, frente al valor contratado en 2023.
BV9: =BV5+BV6 -> 165759860
A11: VALOR TOTAL OFERTA EN 2015 | E11: =+E5 -> 210849900 | G11: VALOR TOTAL OFERTA EN 2016 | K11: =K5 -> 101268000 | M11: VALOR TOTAL OFERTA EN 2017 | Q11: =Q5 -> 80275020 | S11: VALOR TOTAL OFERTA EN 2018 | W11: =+W5+W6+W7 -> 100217032 | Y11: VALOR TOTAL OFERTA EN 2019 | AC11: =+AC5+AC6+AC7 -> 105138500 | AE11: VALOR TOTAL OFERTA EN 2020 | AI11: =ROUNDUP((AI5+AI6+AI7),0) -> 114318775 | AK11: VALOR TOTAL OFERTA EN 2020 | AO11: =ROUNDUP((AO5+AO6+AO7),0) -> 115568861 | AQ11: VALOR TOTAL OFERTA EN 2020 | AU11: =ROUNDUP((AU5+AU6+AU7),0) -> 133542222 | AW11: VALOR TOTAL OFERTA EN 2023 | BA11: =ROUNDUP((BA5+BA6+BA7),0) -> 140813652 | BC11: VALOR TOTAL OFERTA EN 2024 | BG11: =ROUNDUP((BG5+BG6+BG7),0) -> 173750710 | BI11: VALOR TOTAL OFERTA EN 2024 | BM11: =ROUNDUP((BM5+BM6+BM7),0) -> 169359610
AA12: =AA7/8 -> 239250 | AG12: =AG7/4 -> 248341.5 | AM12: =AM7/2 -> 256345 | AS12: =AS7/4 -> 269278.75 | AY12: =AY7/4 -> 304500 | BE12: =BE7/4 -> 332750 | BK12: =BK7/4 -> 332750
BA15: =BA11-#REF! -> #REF! | BG15: =BG11-BG6 -> 119408170 | BM15: =BM11-BM6 -> 125534290
BM27: 128907940
BM28: =(BM27-BM5)/BM27 -> 0.038457988

Sheet Anexo1-Detalle Estimación Bolsa
F1: 2026 | K1: 2025 | Q1: 2024
B2: ITEMS BOLSA DE DESARROLLO | F2: Categoría | G2: Subcategoría | H2: Nivel | I2: Valor unitario hora antes de IVA (Vigencia 2026) | K2: Categoría | L2: Subcategoría | M2: Nivel | N2: Valor unitario hora antes de IVA (Vigencia 2025) | O2: Variación 2025 Vs 2026 | Q2: Categoría | R2: Subcategoría | S2: Nivel | T2: Valor unitario hora antes de IVA (Vigencia 2024) | V2: Variación
B3: Necesidad | C3: SUBTOTAL | D3: TOTAL (+IVA) | F3: Dirección de proyecto | G3: Jefe de desarrollo | H3: Senior | I3: 353425 | K3: Dirección de proyecto | L3: Jefe de desarrollo | M3: Senior | N3: 335000 | O3: =(I3-N3)/N3 -> 0.055 | Q3: Dirección de proyecto | R3: Jefe de desarrollo | S3: Senior | T3: 319000 | V3: =(N3-T3)/T3 -> 0.05015674
F4: Dirección de proyecto | G4: Jefe de proyecto | H4: Senior | I4: 353425 | K4: Dirección de proyecto | L4: Jefe de proyecto | M4: Senior | N4: 335000 | O4: =(I4-N4)/N4 -> 0.055 | Q4: Dirección de proyecto | R4: Jefe de proyecto | S4: Senior | T4: 319000 | V4: =(N4-T4)/T4 -> 0.05015674
B5: Otras actualizaciones según los últimos lineamientos vigentes y normas sobre las sedes electrónicas o necesidades y prioridades del Ministerio. | C5: 29405000 | D5: =C5*1.19 -> 34991950 | F5: Arquitectura de proyecto | G5: Arquitecto j2ee | H5: Senior | I5: 282740 | K5: Arquitectura de proyecto | L5: Arquitecto j2ee | M5: Senior | N5: 268000 | O5: =(I5-N5)/N5 -> 0.055 | Q5: Arquitectura de proyecto | R5: Arquitecto j2ee | S5: Senior | T5: 255000 | V5: =(N5-T5)/T5 -> 0.050980392
B6: TOTAL | D6: =SUM(D5:D5) -> 34991950 | F6: Construcción de proyecto | G6: Dba otras | H6: Senior | I6: 282740 | K6: Construcción de proyecto | L6: Dba otras | M6: Senior | N6: 268000 | O6: =(I6-N6)/N6 -> 0.055 | Q6: Construcción de proyecto | R6: Dba otras | S6: Senior | T6: 255000 | V6: =(N6-T6)/T6 -> 0.050980392
F7: Construcción de proyecto | G7: Programador j2ee | H7: Senior | I7: 282740 | K7: Construcción de proyecto | L7: Programador j2ee | M7: Senior | N7: 268000 | O7: =(I7-N7)/N7 -> 0.055 | Q7: Construcción de proyecto | R7: Programador j2ee | S7: Senior | T7: 255000 | V7: =(N7-T7)/T7 -> 0.050980392
F8: Construcción de proyecto | G8: Programador otras | H8: Senior | I8: 236320 | K8: Construcción de proyecto | L8: Programador otras | M8: Senior | N8: 224000 | O8: =(I8-N8)/N8 -> 0.055 | Q8: Construcción de proyecto | R8: Programador otras | S8: Senior | T8: 213000 | V8: =(N8-T8)/T8 -> 0.051643192
F9: Construcción de proyecto | G9: Programador otras | H9: Junior | I9: 130820 | K9: Construcción de proyecto | L9: Programador otras | M9: Junior | N9: 124000 | O9: =(I9-N9)/N9 -> 0.055 | Q9: Construcción de proyecto | R9: Programador otras | S9: Junior | T9: 118000 | V9: =(N9-T9)/T9 -> 0.050847458
F10: Diseño de proyecto | G10: Diseñador gráfico | H10: Senior | I10: 236320 | K10: Diseño de proyecto | L10: Diseñador gráfico | M10: Senior | N10: 224000 | O10: =(I10-N10)/N10 -> 0.055 | Q10: Diseño de proyecto | R10: Diseñador gráfico | S10: Senior | T10: 213000 | V10: =(N10-T10)/T10 -> 0.051643192
F11: Diseño de proyecto | G11: Diseñador web | H11: Senior | I11: 236320 | K11: Diseño de proyecto | L11: Diseñador web | M11: Senior | N11: 224000 | O11: =(I11-N11)/N11 -> 0.055 | Q11: Diseño de proyecto | R11: Diseñador web | S11: Senior | T11: 213000 | V11: =(N11-T11)/T11 -> 0.051643192
F12: Diseño de proyecto | G12: Diseñador gráfico | H12: Junior | I12: 130820 | K12: Diseño de proyecto | L12: Diseñador gráfico | M12: Junior | N12: 124000 | O12: =(I12-N12)/N12 -> 0.055 | Q12: Diseño de proyecto | R12: Diseñador gráfico | S12: Junior | T12: 118000 | V12: =(N12-T12)/T12 -> 0.050847458
F13: Diseño de proyecto | G13: Diseñador web | H13: Junior | I13: 130820 | K13: Diseño de proyecto | L13: Diseñador web | M13: Junior | N13: 124000 | O13: =(I13-N13)/N13 -> 0.055 | Q13: Diseño de proyecto | R13: Diseñador web | S13: Junior | T13: 118000 | V13: =(N13-T13)/T13 -> 0.050847458
F14: Análisis de proyecto | G14: Analista | H14: Junior | I14: 130820 | K14: Análisis de proyecto | L14: Analista | M14: Junior | N14: 124000 | O14: =(I14-N14)/N14 -> 0.055 | Q14: Análisis de proyecto | R14: Analista | S14: Junior | T14: 118000 | V14: =(N14-T14)/T14 -> 0.050847458
H16: Promedio Valor Hora | I16: =AVERAGE(I3:I14) -> 232275.83

Sheet Variaciones año a año
A1: Concepto | B1: Valor Año 2019 Antes de IVA | C1: Valor Año 2020 Antes de IVA | D1: Variación 2020 Vs 2019 | E1: Valor Año 2021 Antes de IVA | F1: Variación 2021 Vs 2020 | G1: Valor Año 2022 Antes de IVA | H1: Variación 2022 Vs 2021 | I1: Valor Año 2023 Antes de IVA | J1: Variación 2023 Vs 2022 | K1: Valor Año 2024 Antes de IVA | L1: Variación 2024 Vs 2023 | M1: Valor Año 2025 Antes de IVA | N1: Variación 2025 Vs 2024 | O1: Valor Año 2026 Antes de IVA | P1: Variación 2026 Vs 2025
A2: Renovación de uso y soporte a la licencia del CMS Newtenberg Engine | B2: =+PRESUPUESTO!AA5 -> 72324500 | C2: =+PRESUPUESTO!AG5 -> 75072831 | D2: =(C2-B2)/B2 -> 0.038 | E2: =+PRESUPUESTO!AM5 -> 76282000 | F2: =(E2-C2)/C2 -> 0.016106613 | G2: =+PRESUPUESTO!AS5 -> 80096100 | H2: =(G2-E2)/E2 -> 0.05 | I2: =+PRESUPUESTO!AY5 -> 90604000 | J2: =(I2-G2)/G2 -> 0.13119116 | K2: =+PRESUPUESTO!BE5 -> 99012000 | L2: =(K2-I2)/I2 -> 0.092799435 | M2: =+PRESUPUESTO!BK5 -> 104160000 | N2: =(M2-K2)/K2 -> 0.051993698 | O2: =+PRESUPUESTO!BT5 -> 109889000 | P2: =(O2-M2)/M2 -> 0.05500192
A3: Servicios profesionales especializados para la implementación de funcionalidades en los sitios web del Ministerio de Educación | B3: =+PRESUPUESTO!AA6 -> 30900000 | C3: =+PRESUPUESTO!AG6 -> 20000000 | E3: 20322000 | F3: =(E3-C3)/C3 -> 0.0161 | G3: =+PRESUPUESTO!AS6 -> 31047140 | H3: =(G3-E3)/E3 -> 0.52776006 | I3: =+PRESUPUESTO!AY6 -> 26508800 | J3: =(I3-G3)/G3 -> -0.14617578 | K3: =+PRESUPUESTO!BE6 -> 45666000 | L3: =(K3-I3)/I3 -> 0.72267323 | M3: =+PRESUPUESTO!BK6 -> 36828000 | N3: =(M3-K3)/K3 -> -0.19353567 | O3: =+PRESUPUESTO!BT6 -> 29405000 | P3: =(O3-M3)/M3 -> -0.2015586
A4: Concepto | B4: Valor hora Año 2019 Antes de IVA | C4: Valor hora Año 2020 Antes de IVA | D4: Variación 2020 Vs 2019 | E4: Valor hora Año 2021 Antes de IVA | F4: Variación 2021 Vs 2020 | G4: Valor Año 2022 Antes de IVA | H4: Variación 2022 Vs 2021 | I4: Valor Año 2023 Antes de IVA | J4: Variación 2023 Vs 2022 | K4: Valor Año 2024 Antes de IVA | L4: Variación 2024 Vs 2023
A5: Capacitación | B5: =+PRESUPUESTO!AA12 -> 239250 | C5: =+PRESUPUESTO!AG12 -> 248341.5 | D5: =(C5-B5)/B5 -> 0.038 | E5: =+PRESUPUESTO!AM12 -> 256345 | F5: =(E5-C5)/C5 -> 0.032227799 | G5: =+PRESUPUESTO!AS12 -> 269278.75 | H5: =(G5-E5)/E5 -> 0.050454466 | I5: =+PRESUPUESTO!AY12 -> 304500 | J5: =(I5-G5)/G5 -> 0.13079848 | K5: =+PRESUPUESTO!BE12 -> 332750 | L5: =(K5-I5)/I5 -> 0.092775041

Sheet Plan de Pagos
A1: CONCEPTO DE PAGO | B1: FECHA DE PAGO | C1: VALOR A PAGAR
A2: CERTIFICADO DE LA ACTIVACIÓN DE LA LICENCIA SOPORTADA CMS NEWTENBERG ENGINE 2025 (DESDE EL ACTA DE INICIO HASTA EL 31 DE DICIEMBRE DE 2025). | B2: Marzo de 2026 | C2: $ 130.767.910,00
A4: ACTIVACIÓN DEL SERVICIO DE SOPORTE BÁSICO AL USUARIO EN EL USO DEL CMS NEWTENBERG ENGINE POR 12 MESES, CONTADOS A PARTIR DEL 26 DE JUNIO DE 2026 HASTA EL 25 DE JUNIO DE 2027.
A5: CONSUMO DE LA BOLSA DE RECURSOS POR REQUERIMIENTOS IMPLEMENTADOS, RECIBIDOS Y APROBADOS POR EL SUPERVISOR. | B5: Mayo de 2026 | C5: $17.495.975
A6: CONSUMO DE LA BOLSA DE RECURSOS POR REQUERIMIENTOS IMPLEMENTADOS, RECIBIDOS Y APROBADOS POR EL SUPERVISOR. | B6: Diciembre de 2026 | C6: $17.495.975
A7: TOTAL CONTRATO/CONVENIO | C7: $165.759.860,00

Sheet Estudio Horas Dllo 2025_2026
A1: ESTUDIO DE PRECIOS HORAS DE DESARROLLO
A2: Proveedor | B2: Contrato Vigencia 2025 | C2: Valor unitario IVA INCLUIDO | D2: Proyección 2026 con Incremento (IVA INCLUIDO) | E2: Promedio
A3: TMS CORPORATION S.A.S | B3: CO1.PCCNTR.7949706 | C3: 217520 | D3: 228480 | E3: =AVERAGE(D3:D6) -> 257051
A4: SOPORTE LÓGICO S.A.S | B4: CO1.PCCNTR.7859288 | C4: 200638 | D4: $ 211.470,00
A5: NODUM PROYECTOS Y SOLUCIONES S.A.S (o3) | B5: CO1.PCCNTR.8007268 | C5: 323610 | D5: 340373
A6: MEGASOFT S.A.S - NEON | B6: CO1.PCCNTR.8047082 | C6: 192780 | D6: 202300
D8: =MEDIAN(D3:D6) -> 228480 | E8: Mediana
D9: =MAX(D3:D6) -> 340373 | E9: max
D10: =MIN(D3:D6) -> 202300 | E10: min
